 Dungeon Crawl Stone Soup version 0.31.0-12-g77e489cdc1 (webtiles) character file.

Game seed: 6131451734887199389

593820 AutarchDCSS the Slayer (level 27, -4/196 HPs)
             Began as a Barachi Hunter on Feb 11, 2024.
             Was the Champion of Hepliaklqana.
             Slain by Onnayw the pandemonium lord (14 damage)
             ... on level 5 of the Realm of Zot.
             The game lasted 03:20:53 (106506 turns).

AutarchDCSS the Slayer (Barachi Hunter)           Turns: 106506, Time: 03:20:54

Health: -4/196     AC: 30    Str: 14    XL:     27
Magic:  37/37      EV: 61    Int: 26    God:    Hepliaklqana [******]
Gold:   3001       SH:  0    Dex: 33    Spells: 17/38 levels left

rFire   + + +        b - +9 longbow (freeze)
rCold   . . .        (shield currently unavailable)
rNeg    + . .        R - +5 swamp dragon scales "Heuschest" {Rampage rPois Str-3 Int+9 Stlth+}
rPois   +            m - +3 crown of Dyrovepreva {rElec Int+2 SInv}
rElec   +            s - +1 cloak of Wotzeusm {Harm rElec rF+}
rCorr   .            O - +2 pair of gloves {Dex+3}
SInv    +            F - +2 pair of boots of Ewun {Str+2}
Will    +++..        l - amulet "Boehimiz" {Acrobat rN+ Regen+}
Stlth   ++++         h - ring "Turphemeo" {rF+ Will+ MP+9 Int+4}
HPRegen 1.32/turn    q - ring of Axosugoy {Fly rF+ EV+5 Dex+4 SInv}
MPRegen 0.25/turn

%: harm (+30% outgoing, +20% incoming), acrobat, rampage
@: acrobatic, flying, slow
A: reduced essence, amphibious, slowness 1, strong legs 2, +LOS, frail 1, low MP
1, MP-powered wands, sturdy frame 1
}: 3/15 runes: serpentine, barnacled, slimy
a: Hop, Renounce Religion, Recall Ancestor, Ancestor Identity, Transference,
Idealise


You were on level 5 of the Realm of Zot.
You worshipped Hepliaklqana.
Hepliaklqana was exalted by your worship.
You visited 11 branches of the dungeon, and saw 52 of its levels.
You visited the Abyss 1 time.
You also visited: Trove, Gauntlet and Wizlab.

You collected 6651 gold pieces.
You spent 3650 gold pieces at shops.

Inventory:

Hand Weapons
 a - the +9 staff of Olgreb {rPois∞}
   (You acquired it in a Gauntlet)

   Radiate:   It can be activated via the 'a'bility menu to radiate toxic
   energy, with effectiveness depending on Evocations skill.
   Alch:      It enhances your alchemy magic.
   rPois∞: It grants immunity to poison.
 b - a +9 longbow of freezing (weapon)
Missiles
 y - 9 throwing nets
Armour
 m - the +3 crown of Dyrovepreva (worn) {rElec Int+2 SInv}
   (You found it in a treasure trove)

   Int+2:     It affects your intelligence (+2).
   rElec:     It insulates you from electricity.
   SInv:      It lets you see invisible.
 s - the +1 cloak of Wotzeusm (worn) {Harm rElec rF+}
   (You found it on level 5 of the Pits of Slime)

   rF+:       It protects you from fire.
   rElec:     It insulates you from electricity.
   Harm:      It increases damage dealt and taken.
 F - the +2 pair of boots of Ewun (worn) {Str+2}
   (You found it in a treasure trove)

   Str+2:     It affects your strength (+2).
 J - the +4 hat of the Constellations {*Corrode Fly rC+++ Will+}
   (You found it in a treasure trove)

   rC+++:     It renders you almost immune to cold.
   Will+:     It increases your willpower.
   Fly:       It grants you flight.
   *Corrode:  It may corrode you when you take damage.
 O - a +2 pair of gloves of dexterity (worn)
 R - the +5 swamp dragon scales "Heuschest" (worn) {Rampage rPois Str-3 Int+9 Stlth+}
   (You found it in a treasure trove)

   Str-3:     It affects your strength (-3).
   Int+9:     It affects your intelligence (+9).
   rPois:     It protects you from poison Rampage: It bestows one free step when
   moving towards enemies.
   Stlth+:    It makes you more stealthy.
 S - the +5 faerie dragon scales {rCorr Str+6}
   (You took it off the Enchantress on level 3 of the Depths)

   Str+6:     It affects your strength (+6).
   rCorr:     It protects you from acid and corrosion.
 X - the +0 cloak of Too Many Cooks {rC+ rN+}
   (You found it on level 3 of the Depths)

   rC+:       It protects you from cold.
   rN+:       It protects you from negative energy.
Jewellery
 h - the ring "Turphemeo" (left hand) {rF+ Will+ MP+9 Int+4}
   (You took it off a deep elf annihilator on level 3 of the Elven Halls)

   [ring of magical power]

   Int+4:     It affects your intelligence (+4).
   rF+:       It protects you from fire.
   Will+:     It increases your willpower.
   MP+9:      It affects your magic capacity (+9).
 l - the amulet "Boehimiz" (around neck) {Acrobat rN+ Regen+}
   (You bought it in a shop on level 4 of the Snake Pit)

   [amulet of the acrobat]

   Acrobat:   It increases your evasion while moving and waiting.
   rN+:       It protects you from negative energy.
   Regen+:    It increases your rate of health regeneration.
 q - the ring of Axosugoy (right hand) {Fly rF+ EV+5 Dex+4 SInv}
   (You acquired it on level 10 of the Dungeon)

   [ring of evasion]

   EV+5:      It affects your evasion (+5).
   Dex+4:     It affects your dexterity (+4).
   rF+:       It protects you from fire.
   SInv:      It lets you see invisible.
   Fly:       It grants you flight.
 t - the ring of Peul Nud {rElec Dex+6}
   (You found it in a Gauntlet)

   [ring of dexterity]

   Dex+6:     It affects your dexterity (+6).
   rElec:     It insulates you from electricity.
 H - a ring of wizardry
 T - the ring "Gawenuxede" {Fly rCorr Dex+4 SInv}
   (You found it in a Gauntlet)

   [ring of see invisible]

   Dex+4:     It affects your dexterity (+4).
   SInv:      It lets you see invisible.
   Fly:       It grants you flight.
   rCorr:     It protects you from acid and corrosion.
Wands
 p - a wand of digging (17)
 x - a wand of flame (72)
 z - a wand of mindburst (15)
 A - a wand of quicksilver (37)
 E - a wand of roots (54)
 M - a wand of paralysis (40)
 P - a wand of polymorph (12)
Scrolls
 d - 8 scrolls of teleportation
 e - 4 scrolls of revelation
 f - 2 scrolls of brand weapon
 r - 6 scrolls of enchant armour
 u - 7 scrolls of fear
 D - 6 scrolls of amnesia
 I - 3 scrolls of blinking
 L - 9 scrolls of immolation
 N - 8 scrolls of fog
Potions
 g - 4 potions of berserk rage
 i - 10 potions of brilliance
 j - 13 potions of might
 k - 19 potions of heal wounds
 n - 4 potions of resistance
 o - a potion of cancellation
 B - 4 potions of ambrosia
 C - 18 potions of curing
 G - 7 potions of enlightenment
 K - 11 potions of lignification
 Q - 6 potions of haste
 U - 17 potions of mutation
 V - 4 potions of invisibility
 W - 4 potions of magic
Miscellaneous
 v - a condenser vane
 w - a lightning rod (4/4)
 Y - a phantom mirror
 Z - a box of beasts


   Skills:
 + Level 26.0 Fighting
 - Level 23.5 Ranged Weapons
 - Level 15.8 Armour
 + Level 24.9 Dodging
 - Level 4.0 Stealth
 - Level 6.0 Spellcasting
 - Level 10.0 Conjurations
 - Level 16.0 Translocations
 - Level 10.0 Ice Magic
 - Level 9.2 Air Magic
 - Level 0.9 Alchemy
 - Level 7.0 Invocations
 - Level 16.0 Evocations


You had 17 spell levels left.
You knew the following spells:

 Your Spells              Type           Power      Damage    Failure   Level
a - Freezing Cloud        Conj/Ice/Air   27%        6-21      4%          5
b - Swiftness             Air            54%        N/A       1%          3
c - Blink                 Tloc           100%       N/A       1%          2
d - Passage of Golubria   Tloc           74%        N/A       1%          4
e - Dispersal             Tloc           37%        N/A       1%          6
f - Apportation           Tloc           100%       N/A       0%          1

Your spell library contained the following spells:

 Spells                   Type           Power      Damage    Failure   Level
 Foxfire                  Conj/Fire      100%       2x1d9     1%          1
 Kiss of Death            Conj/Necr      100%       2d13      1%          1
 Shock                    Conj/Air       100%       1d9       1%          1
 Sting                    Conj/Alch      100%       1d9       1%          1
 Ensorcelled Hibernation  Hex/Ice        66%        N/A       1%          2
 Lesser Beckoning         Tloc           100%       N/A       1%          2
 Mercury Vapours          Alch/Air       68%        N/A       1%          2
 Momentum Strike          Conj/Tloc      100%       3d10      1%          2
 Gell's Gravitas          Tloc           74%        N/A       1%          3
 Hailstorm                Conj/Ice       56%        3d11      1%          3
 Mephitic Cloud           Conj/Alch/Air  42%        N/A       1%          3
 Teleport Other           Tloc           74%        N/A       1%          3
 Volatile Blastmotes      Fire/Tloc      98%        2d18      1%          3
 Airstrike                Air            27%        2d(4-20)  1%          4
 Iskenderun's Mystic Bla  Conj/Tloc      66%        2d14      1%          4
 Manifold Assault         Tloc           74%        N/A       1%          4
 Stone Arrow              Conj/Erth      66%        3d11      3%          3
 Summon Ice Beast         Ice/Summ       33%        N/A       3%          3
 Dimensional Bullseye     Hex/Tloc       24%        N/A       3%          4
 Necrotise                Necr           28%        1d5       9%          1
 Sandblast                Erth           14%        2d6       9%          1
 Slow                     Hex            28%        N/A       9%          1
 Summon Small Mammal      Summ           28%        N/A       9%          1
 Fulminant Prism          Conj/Alch      18%        3d10      10%         4
 Brom's Barrelling Bould  Conj/Erth      33%        2d5       11%         4
 Jinxbite                 Hex            14%        N/A       13%         2
 Sublimation of Blood     Necr           7%         N/A       13%         2
 Summon Lightning Spire   Summ/Air       31%        N/A       13%         4
 Call Canine Familiar     Summ           7%         N/A       26%         3
 Confusing Touch          Hex            7%         N/A       26%         3
 Fugue of the Fallen      Necr           7%         N/A       26%         3
 Inner Flame              Hex/Fire       7%         N/A       26%         3
 Passwall                 Erth           7%         N/A       26%         3
 Sigil of Binding         Hex            7%         N/A       26%         3
 Tukima's Dance           Hex            7%         N/A       26%         3
 Vampiric Draining        Necr           7%         2d6       26%         3
 Irradiate                Conj/Alch      18%        3d17      26%         5
 Conjure Ball Lightning   Conj/Air       27%        3x3d8     26%         6
 Metabolic Englaciation   Hex/Ice        16%        N/A       30%         5
 Olgreb's Toxic Radiance  Alch           12%        N/A       52%         4
 Ignite Poison            Fire/Alch      10%        N/A       58%         4
 Leda's Liquefaction      Alch/Erth      5%         N/A       58%         4
 Sticky Flame             Fire/Alch      10%        2d5       58%         4
 Disjunction              Tloc           37%        N/A       63%         8
 Anguish                  Hex/Necr       3%         N/A       65%         4
 Animate Dead             Necr           7%         N/A       65%         4
 Dispel Undead            Necr           7%         3d8       65%         4
 Martyr's Knell           Necr/Summ      7%         N/A       65%         4
 Sculpt Simulacrum        Ice/Alch       18%        N/A       82%         6
 Alistair's Intoxication  Alch           8%         N/A       86%         5
 Bombard                  Conj/Erth      16%        9d3       86%         6
 Starburst                Conj/Fire      16%        6d6       86%         6
 Yara's Violent Unravell  Hex/Alch       5%         3d4       90%         5
 Plasma Beam              Fire/Air       15%        2x1d27    90%         6
 Borgnjor's Vile Clutch   Necr/Erth      3%         N/A       94%         5
 Curse of Agony           Necr           7%         N/A       94%         5
 Lee's Rapid Deconstruct  Erth           3%         3d5*      94%         5
 Death Channel            Necr           3%         N/A       100%        6
 Haunt                    Necr/Summ      3%         N/A       100%        7
 Borgnjor's Revivificati  Necr           3%         N/A       100%        8
 Discord                  Hex            3%         N/A       100%        8
 Ignition                 Fire           3%         3d4       100%        8
 Infestation              Necr           3%         N/A       100%        8
 Maxwell's Capacitive Co  Air            27%        ∞         100%        8
 Death's Door             Necr           3%         N/A       100%        9


Dungeon Overview and Level Annotations

Branches:
Dungeon (15/15)            Temple (1/1) D:4            Lair (5/5) D:8
 Shoals (4/4) Lair:3        Snake (4/4) Lair:3        Slime (5/5) Lair:5
    Orc (2/2) D:11            Elf (3/3) Orc:2        Vaults (4/5) D:13
  Crypt (0/3) Vaults:3     Depths (4/4) D:15            Zot (5/5) Depths:4
 WizLab (visited)         Gauntlet (visited)

Altars:
Ashenzari
Cheibriados
Dithmenos
Elyvilon
Fedhas
Gozag
Hepliaklqana
Kikubaaqudgha
Makhleb
Nemelex Xobeh
Okawaru
Qazlal
Ru
Sif Muna
Trog
Uskayaw
Vehumet
Wu Jian
Xom
Yredelemnul
Zin
The Shining One
Jiyva

Shops:
D:5 [   D:9 ?*([   D:15 ![*   Orc:2 ([[*   Elf:1 [   Elf:3 [   Snake:2 [[(
Snake:4 ==:   Vaults:1 [!   Vaults:2 [   Vaults:4 *   Zot:3 *   Depths:1 **(

Portals:
Hell: Depths:1* Depths:2 Depths:3 Depths:4
Abyss: Depths:3
Pandemonium: Depths:2
Ziggurat: Depths:4

Annotations:
D:5 3 runed translucent doors, zenocrate's ghost, weakling KoDe
Shoals:2 3 runed translucent doors, Derpydoo's ghost, journeyman MiFi


Innate Abilities, Weirdness & Mutations

Your life essence is reduced to manifest your ancestor. (-10% HP)
You are amphibious.
You cover ground slowly.
You can hop long distances.
You have an extended range of vision and can be seen from far away.
You are frail. (-10% HP)
Your magical capacity is low. (-10% MP)
You expend magic power (3 MP) to strengthen your wands.
Your movements are slightly less encumbered by armour. (ER -2)


Message History

+0 gold dragon scales; a golden dragon skeleton
Things that are here:
a +0 glaive; a yellow draconian skeleton You see here a hell hound corpse.
Meatshield blocks the neqoxec's attack.
Meatshield hits the neqoxec with a +0 broad axe of speed!
An Onnayw, a ynoxinul and an ancient lich come into view.
The ynoxinul bellows!
Meatshield hits the neqoxec with a +0 broad axe of speed!!
The neqoxec dies!
An Ice Fiend comes into view.
The Ice Fiend calls on the powers of darkness!
Your body is wracked with pain!
Ouch! That really hurt!
The Ice Fiend calls on the powers of darkness!
Your body is wracked with pain!
* * * LOW HITPOINT WARNING * * *
The Ice Fiend completely misses you. x2
The Ice Fiend attacks as it pursues you!
The Ice Fiend completely misses you. x2
The Ice Fiend completely misses you. The Ice Fiend misses you.
The Ice Fiend calls on the powers of darkness!
Your body is wracked with pain!
* * * LOW HITPOINT WARNING * * *
The ancient lich mumbles some strange words.
The ancient lich seems to speed up.
The Ice Fiend calls on the powers of darkness!
Your body is wracked with pain!
* * * LOW HITPOINT WARNING * * *
Onnayw completely misses you. Onnayw attacks as it pursues you!
Onnayw completely misses you.
The Ice Fiend calls on the powers of darkness!
Your body is wracked with pain!
* * * LOW HITPOINT WARNING * * *
The ancient lich mumbles some strange words.
The ancient lich flickers and vanishes for a moment.
Meatshield casts a spell.
Meatshield seems to speed up.
Onnayw hits you!
You die...

#▓▓▓▓▓▓▓▓▓▓▓##3....▓▓
▓▓▓▓........L......▓▓
##▓...................▓▓
##.................^....▓ *******
#..........1R............
,,..,,**▓...............^........
,,....,*▓.......................▓
,,....$.▓........&.............▓▓
,,........0.....@.............▓▓
,,...^..▓.........)............▓*
,,.....*▓.^..........^^.........▓
,,....**▓...................^....
***▓*** ▓.......................,
▓▓...............^......*
▓▓▓...................▓*
▓▓▓▓.............▓▓▓▓
▓▓▓▓▓▓▓▓▓▓▓▓***


You could see the friendly Meatshield the knight (fast, reflecting), Onnayw
(ally target), an ancient lich (fast, invisible), an Ice Fiend and a ynoxinul.

Vanquished Creatures
  Dissolution (Slime:3)
  the Royal Jelly (Slime:5)
  3 dread liches
  4 ancient liches
  4 orbs of fire
  Mennas (Depths:3)
  Josephina (Zot:1)
  4 Killer Klowns
  the Enchantress (Depths:3)
  12 golden dragons
  A profane servitor (Abyss:4)
  2 electric golems (Zot:5)
  A mutant beast (WizLab)
  A bone dragon (Shoals:2)
  A Brimstone Fiend (Depths:3)
  Zenata (Vaults:1)
  A hellephant (Zot:5)
  23 Orb Guardians (Zot:5)
  A lich (Depths:4)
  A deep elf blademaster (Elf:3)
  12 tentacled monstrosities
  14 acid blobs
  2 titans
  2 deep elf master archers (Elf:3)
  An Executioner (Depths:3)
  2 sphinxes
  2 quicksilver dragons (Zot:4)
  An ancient champion (Vaults:3)
  3 tentacled starspawn (Abyss:5)
  Gastronok (D:7)
  6 death cobs
  11 storm dragons
  4 shadow dragons
  2 draconian monks (Zot:3)
  2 tengu reavers (Depths:2)
  11 rockslimes
  16 azure jellies
  9 nagarajas (Snake:4)
  Roxanne (Elf:3)
  Ilsuiw (Shoals:3)
  5 fire giants
  3 draconian knights
  A protean progenitor (Zot:2)
  4 draconian scorchers
  7 frost giants
  2 ghost moths
  A draconian shifter (Depths:4)
  A balrug (Depths:3)
  3 deep elf elementalists (Elf:3)
  5 deep elf sorcerers
  8 vault wardens
  4 angels (Zot:3)
  A reaper (Abyss:4)
  3 orc warlords
  10 ironbound preservers
  10 quicksilver oozes
  7 draconian annihilators
  3 spriggan defenders
  A cacodemon (Depths:3)
  2 draconian stormcallers
  7 formless jellyfish
  6 ironbound thunderhulks
  15 very ugly things
  6 stone giants
  A caustic shrike skeleton (Abyss:5)
  A vampire knight (Depths:2)
  14 deep elf demonologists
  9 black draconians
  6 deep elf annihilators
  6 dire elephants
  10 green draconians
  5 deep elf death magi (Elf:3)
  6 purple draconians
  A lorocyproca (Abyss:4)
  7 red draconians
  A spark wasp (Depths:2)
  A minotaur (Gauntlet)
  7 yellow draconians
  3 white draconians
  2 crystal guardians
  A blizzard demon (Depths:2)
  12 merfolk impalers
  4 merfolk javelineers
  5 ettins
  A green death (Depths:3)
  7 yaktaur captains
  Snorg (D:13)
  3 entropy weavers
  2 deep elf high priests (Elf:3)
  7 fire dragons
  7 great orbs of eyes
  7 vault guards
  3 hydras
  6 merfolk avatars
  6 ice dragons
  3 salamander tyrants
  4 peacekeepers
  An anaconda (shapeshifter) (WizLab)
  5 spriggan air magi
  Erica (D:8)
  5 radroaches
  3 ironbound frosthearts
  3 rakshasas
  9 centaur warriors
  A catoblepas (D:13)
  11 anacondas
  A two-headed ogre (shapeshifter) (WizLab)
  5 merfolk aquamancers (Shoals:4)
  6 boulder beetles
  10 death yaks
  26 dancing weapons
  A sphinx skeleton (Vaults:3)
  7 tengu warriors
  7 deep troll shamans
  10 deep troll earth magi
  3 hell hogs (Abyss:5)
  Urug (Lair:1)
  7 naga warriors
  4 two-headed ogres
  An occultist (Depths:3)
  6 orc high priests
  A shock serpent (shapeshifter) (WizLab)
  30 hell knights
  16 deep elf knights
  7 naga sharpshooters
  3 spriggan berserkers
  3 vampire magi
  2 shock serpents
  A soul eater (Depths:2)
  Sonja (D:13)
  2 sun demons
  4 salamander mystics
  8 skysharks
  2 wretched stars (Abyss:4)
  Amaemon (Lair:1)
  A fire crab (Shoals:2)
  A storm dragon skeleton (Vaults:3)
  2 titan skeletons (Vaults:3)
  A fire crab (shapeshifter) (WizLab)
  A sea snake (shapeshifter) (WizLab)
  8 skeletal warriors
  8 iron trolls
  5 glowing orange brains
  3 deep trolls (shapeshifter) (WizLab)
  7 sea snakes
  2 mana vipers (shapeshifter) (WizLab)
  A death drake (shapeshifter) (WizLab)
  28 deep trolls
  2 flayed ghosts
  6 naga ritualists
  An orb spider (shapeshifter) (WizLab)
  5 deep elf archers
  13 mana vipers
  An obsidian statue (Shoals:3)
  8 arcanists
  11 ironbound convokers
  A wolf spider zombie (D:15)
  16 orc knights
  3 phantasmal warriors
  3 lindwurms
  24 harpies
  30 deep elf zephyrmancers
  6 necromancers
  6 cyclopes
  23 deep elf pyromancers
  5 large abominations (WizLab)
  7 fauns
  42 ugly things
  A manticore (shapeshifter) (Depths:2)
  5 orc sorcerers
  2 worldbinders (Abyss:4)
  2 oklob plants
  8 manticores
  An elephant (shapeshifter) (WizLab)
  7 shining eyes
  21 moths of wrath
  21 salamanders
  A meliai (D:15)
  2 moths of wrath (shapeshifter) (Zot:3)
  A shining eye (shapeshifter) (Depths:4)
  A shadow dragon skeleton (Vaults:3)
  A meliai (shapeshifter) (D:14)
  15 elephants
  38 black mambas
  11 merfolk sirens
  13 naga magi
  8 guardian serpents
  3 eyes of devastation
  10 vault sentinels
  An apocalypse crab (Abyss:4)
  6 water nymphs (Shoals:4)
  3 kobold blastminers
  A gargoyle (D:11)
  Joseph (D:10)
  A rust devil (D:13)
  2 torpor snails (shapeshifter)
  3 orange demons
  2 guardian serpents (shapeshifter)
  8 cane toads
  2 frost giant skeletons (Vaults:3)
  2 unseen horrors (shapeshifter)
  2 torpor snails (Lair:5)
  3 smoke demons
  3 rime drakes
  3 efreet
  A komodo dragon (shapeshifter) (WizLab)
  5 freezing wraiths
  20 yaktaurs
  3 tengu conjurers
  Psyche (D:12)
  3 komodo dragons
  A ghost moth simulacrum (Zot:1)
  An ice devil (D:13)
  3 merfolk (shapeshifter)
  20 merfolk
  A queen bee (shapeshifter) (D:15)
  2 yaktaur skeletons (Vaults:3)
  A troll (shapeshifter) (WizLab)
  3 ancient zymes (Abyss:4)
  4 polar bears
  7 hornets
  2 red devils (D:13)
  3 hellwings (Abyss:4)
  7 trolls
  8 blink frogs
  A harpy skeleton (Abyss:4)
  10 wind drakes
  Prince Ribbit (D:7)
  6 snapping turtles
  A glass eye (shapeshifter) (WizLab)
  6 glass eyes
  2 jumping spiders (Vaults:3)
  6 dream sheep
  A raiju (Abyss:4)
  A human simulacrum (Vaults:4)
  8 spriggans
  A shadow (Gauntlet)
  An ettin skeleton (Vaults:3)
  5 small abominations
  2 culicivoras (shapeshifter) (WizLab)
  A centaur simulacrum (D:15)
  83 slime creatures
  12 air elementals
  3 wraiths
  A vampire (D:7)
  4 wyverns
  4 golden eyes
  3 fire elementals
  16 water elementals
  5 wargs
  33 yaks
  5 basilisks
  4 fire bats
  A neqoxec (Abyss:4)
  3 redbacks (Vaults:3)
  A steam dragon (D:6)
  A golden eye (shapeshifter) (D:14)
  A purple draconian simulacrum (Zot:1)
  An elf skeleton (Vaults:3)
  2 vampire mosquitoes (D:13)
  An iron golem (WizLab)
  4 chaos spawn
  2 acid dragons
  A harpy simulacrum (D:15)
  34 nagas
  A swamp worm (shapeshifter) (WizLab)
  A glowing shapeshifter skeleton (Vaults:3)
  A hell hound (Zot:5)
  14 water moccasins
  A moth of wrath simulacrum (Zot:1)
  Pargi (D:3)
  21 orc warriors
  An ice beast (shapeshifter) (Elf:1)
  An ice beast (D:8)
  5 ogres
  3 black bears
  A knight (Snake:4)
  3 laughing skulls (D:15)
  5 wolves
  2 centaurs (D:12)
  A kobold brigand (D:8)
  A human zombie (Vaults:3)
  5 bullfrogs
  A glowing shapeshifter simulacrum (Vaults:3)
  A scorpion (D:5)
  2 human skeletons (Vaults:3)
  7 killer bees
  4 howler monkeys
  3 vampire bats (D:4)
  3 bombardier beetles
  2 lava snakes
  4 crimson imps (Depths:1)
  3 hounds
  23 orc priests
  A jelly (D:4)
  2 gnoll boudas
  Natasha (thrice) (D:2)
  3 iguanas
  2 sleepcaps
  31 orc wizards
  16 gnolls
  6 adders
  A white imp (Vaults:4)
  2 ufetubi
  A dart slug (D:4)
  A ribbon worm (D:5)
  69 orcs
  3 bat skeletons (D:4)
  3 bat zombies (D:4)
  6 endoplasms
  7 giant cockroaches
  9 goblins
  5 hobgoblins
  9 jackals
  3 quokkas
  8 ball pythons
  4 bats
  A frilled lizard (D:3)
  10 kobolds
  5 rats
  2 aspiring fleshes (Zot:2)
1861 creatures vanquished.

Vanquished Creatures (collateral kills)
  2 Killer Klowns
  A curse toe (Zot:4)
  Norris (Vaults:1)
  A profane servitor (Abyss:4)
  3 tentacled monstrosities
  2 liches (Depths:4)
  A deep elf blademaster (Elf:3)
  4 Orb Guardians (Zot:5)
  An acid blob (Slime:2)
  A tentacled starspawn (Abyss:5)
  A kraken (Shoals:2)
  4 storm dragons
  Polyphemus (Shoals:2)
  2 death cobs
  2 tengu reavers
  Aizul (Shoals:2)
  3 rockslimes
  A nagaraja (Snake:4)
  A protean progenitor (Zot:2)
  An azure jelly (Slime:5)
  2 fire giants
  2 frost giants (Depths:1)
  3 vault wardens
  A ghost moth (Zot:2)
  A deep elf elementalist (Elf:3)
  An orc warlord (Orc:2)
  A draconian scorcher (Zot:2)
  2 spriggan defenders
  5 very ugly things
  2 ironbound preservers
  3 formless jellyfish
  A quicksilver ooze (Slime:3)
  A black draconian (Zot:1)
  A green draconian (Zot:3)
  2 red draconians
  A yellow draconian (Zot:2)
  A dire elephant (Vaults:3)
  3 white draconians
  A purple draconian (Zot:2)
  A blizzard demon (Depths:3)
  2 ettins (Depths:2)
  A merfolk impaler (Shoals:1)
  A crystal guardian (Vaults:4)
  2 great orbs of eyes
  A yaktaur captain (Vaults:1)
  A rakshasa (D:15)
  A catoblepas (Shoals:2)
  A hydra (D:14)
  A merfolk avatar (Lair:5)
  6 anacondas
  An alligator snapping turtle (Shoals:4)
  A two-headed ogre (shapeshifter) (WizLab)
  A radroach (WizLab)
  2 merfolk aquamancers (Shoals:4)
  A satyr (Shoals:3)
  2 dancing weapons
  3 deep troll shamans
  4 naga warriors
  A naga sharpshooter (Snake:3)
  2 spriggan berserkers
  2 tengu warriors
  A deep troll earth mage (Depths:2)
  2 death yaks
  An occultist (Depths:1)
  3 deep elf knights
  A shock serpent (Snake:1)
  3 hell knights
  A skeletal warrior (D:14)
  An iron troll (Depths:4)
  2 salamander mystics
  6 sea snakes
  A deep troll (shapeshifter) (WizLab)
  A mana viper (Snake:1)
  6 deep trolls
  2 arcanists (Vaults:4)
  4 naga ritualists
  3 glowing orange brains (D:14)
  An ironbound convoker (Vaults:4)
  2 large abominations (WizLab)
  A deep elf archer (Elf:1)
  3 harpies
  2 necromancers
  5 orc knights
  4 deep elf zephyrmancers
  3 orc sorcerers
  4 deep elf pyromancers
  3 salamanders
  3 fauns
  8 ugly things
  2 manticores (Shoals:4)
  A human zombie (Vaults:3)
  A shining eye (Slime:1)
  2 moths of wrath
  3 elephants
  6 black mambas
  3 guardian serpents (Snake:4)
  A water nymph (Shoals:4)
  3 kobold blastminers
  A vault sentinel (Vaults:3)
  A rime drake (Lair:5)
  An unseen horror (Abyss:4)
  2 cane toads
  6 yaktaurs
  2 tengu conjurers
  A troll (Orc:1)
  3 hornets
  A snapping turtle (Shoals:1)
  3 blink frogs (Lair:5)
  4 wind drakes
  3 dream sheep
  28 slime creatures
  3 glass eyes
  A jumping spider (Vaults:3)
  A shadow (Gauntlet)
  A spriggan (Depths:2)
  A wyvern (D:10)
  6 yaks
  A ynoxinul (Abyss:4)
  3 water elementals (Shoals:4)
  A fire bat (Depths:4)
  A warg (D:15)
  A black draconian simulacrum (Zot:1)
  A basilisk (Lair:3)
  A steam dragon (Lair:5)
  A neqoxec (Zot:5)
  7 nagas
  4 water moccasins
  2 hell hounds (Zot:5)
  An ice beast (D:8)
  A black bear (Lair:3)
  4 orc warriors
  An ogre (Orc:2)
  A wolf (Lair:2)
  2 earth elementals (Elf:1)
  A bullfrog (Lair:4)
  3 small abominations (WizLab)
  3 killer bees (D:10)
  A howler monkey (D:12)
  A bombardier beetle (D:10)
  2 lava snakes
  An orc priest (Orc:1)
  6 orc wizards
  A shadow imp (Gauntlet)
  8 orcs
  A butterfly (Zot:3)
335 creatures vanquished.

Vanquished Creatures (others)
  A stone giant (Depths:4)
  A yaktaur captain (Vaults:4)
  A shock serpent (Snake:4)
  5 yaktaurs
  A merfolk (Shoals:4)
  A wind drake (Shoals:4)
  2 ancestors (D:9)
  44 knights
  4 starspawn tentacles (Abyss:5)
  8 tentacles (Shoals:2)
68 creatures vanquished.

Grand Total: 2264 creatures vanquished

Notes
Turn   | Place    | Note
-------+----------+-------------------------------------------
     0 | D:1      | AutarchDCSS the Barachi Hunter began the quest for the Orb.
     0 | D:1      | Reached XP level 1. HP: 17/17 MP: 1/1
   153 | D:1      | Reached XP level 2. HP: 22/23 MP: 2/2
   461 | D:1      | Found a faded altar of an unknown god.
   867 | D:1      | Reached skill level 3 in Fighting
   916 | D:1      | Reached XP level 3. HP: 28/29 MP: 3/3
  1617 | D:2      | Reached skill level 5 in Ranged Weapons
  1643 | D:2      | Reached XP level 4. HP: 35/35 MP: 4/4
  1807 | D:2      | Noticed Natasha
  1829 | D:2      | Killed Natasha
  1992 | D:2      | Noticed Natasha
  2014 | D:2      | Killed Natasha
  2015 | D:2      | Reached skill level 4 in Fighting
  2031 | D:2      | Noticed Natasha
  2173 | D:2      | Killed Natasha
  2174 | D:2      | Reached XP level 5. HP: 20/42 MP: 5/5
  2998 | D:3      | Reached XP level 6. HP: 34/49 MP: 6/6
  3692 | D:3      | Reached skill level 5 in Fighting
  4475 | D:4      | Noticed Pargi
  4581 | D:3      | Killed Pargi
  4582 | D:3      | Reached XP level 7. HP: 25/56 MP: 7/7
  5548 | D:4      | Found an ancient bone altar of Kikubaaqudgha.
  6093 | D:4      | Found a staircase to the Ecumenical Temple.
  6109 | Temple   | Entered the Ecumenical Temple
  6431 | D:5      | Entered Level 5 of the Dungeon
  6460 | D:4      | Reached XP level 8. HP: 62/62 MP: 8/8
  7642 | D:4      | Reached skill level 5 in Dodging
  8064 | D:5      | Found a runed translucent gate.
  8065 | D:5      | Found a runed translucent gate.
  8065 | D:5      | Found an opulent altar of Gozag.
  8066 | D:5      | Found a runed translucent gate.
  8070 | D:5      | Found Fepuc's Antique Armour Boutique.
  8073 | D:5      | Bought a pair of glowing boots for 172 gold pieces
  8349 | D:5      | Noticed zenocrate's ghost (weakling KoDe)
  8721 | D:6      | Found a shimmering blue altar of Sif Muna.
  8727 | D:6      | Reached XP level 9. HP: 68/68 MP: 9/9
  9061 | D:6      | Reached skill level 6 in Fighting
  9412 | D:7      | Reached skill level 10 in Ranged Weapons
  9436 | D:7      | Noticed a hornet
  9520 | D:7      | Paralysed by a hornet for 2 turns
  9535 | D:6      | Killed a hornet
 10303 | D:7      | Noticed Prince Ribbit
 10320 | D:7      | Killed Prince Ribbit
 10691 | D:7      | Reached skill level 7 in Fighting
 11231 | D:8      | Noticed Erica
 11231 | D:8      | Noticed a rime drake
 11297 | D:8      | Found a hazy altar of Hepliaklqana.
 11301 | D:8      | Became a worshipper of Hepliaklqana the Forgotten
 11672 | D:8      | Noticed Gastronok
 12337 | D:7      | Killed Gastronok
 12338 | D:7      | Reached skill level 8 in Fighting
 12338 | D:7      | Reached XP level 10. HP: 42/80 MP: 10/10
 13241 | D:8      | Paralysed by Erica for 3 turns
 13247 | D:8      | Paralysed by Erica for 4 turns
 13542 | D:9      | Found Vashav's Assorted Antiques.
 13571 | D:9      | Reached * piety under Hepliaklqana
 13594 | D:9      | Found Foimnugu's Weapon Boutique.
 13602 | D:9      | Reached skill level 1 in Evocations
 13721 | D:9      | Found Saxaline's Magic Scroll Boutique.
 13730 | D:9      | Bought a scroll of identify for 24 gold pieces
 13730 | D:9      | Bought a scroll of identify for 24 gold pieces
 13730 | D:9      | Bought a scroll of identify for 24 gold pieces
 13730 | D:9      | Bought a scroll of fog for 48 gold pieces
 14161 | D:9      | Found Emiotsuik's Antique Armour Emporium.
 14241 | D:10     | Entered Level 10 of the Dungeon
 14448 | D:10     | Identified 2 scrolls of acquirement
 14448 | D:10     | Acquired 421 gold pieces
 14454 | D:10     | Acquired the ring of Axosugoy {Fly rF+ EV+5 Dex+4 SInv}
 14524 | D:10     | Reached ** piety under Hepliaklqana
 14525 | D:10     | Remembered your ancestor Meatshield as a knight
 14557 | D:10     | Identified the +0 leather armour "Kutaboon" {rF+ Regen+
                  | Slay-4}
 14723 | D:10     | Noticed Joseph
 14747 | D:10     | Killed Joseph
 14748 | D:10     | Reached skill level 5 in Evocations
 14748 | D:10     | Reached XP level 11. HP: 46/78 MP: 11/11
 15021 | D:10     | Found a blossoming altar of Fedhas.
 15333 | D:10     | Found a snail-covered altar of Cheibriados.
 15565 | D:11     | Found a staircase to the Orcish Mines.
 15606 | D:11     | Noticed a two-headed ogre
 15612 | D:11     | Killed a two-headed ogre
 16012 | D:11     | Found a white marble altar of Elyvilon.
 16370 | D:8      | Found an opulent altar of Gozag.
 16392 | D:8      | Found a staircase to the Lair.
 16773 | D:8      | Killed Erica
 17112 | Lair:1   | Entered Level 1 of the Lair of Beasts
 17133 | Lair:1   | Reached skill level 9 in Fighting
 17175 | Lair:1   | Noticed a death yak
 17175 | Lair:1   | Noticed a death yak
 17175 | Lair:1   | Noticed a death yak
 17182 | Lair:1   | Noticed a death yak
 17223 | D:8      | Killed a death yak
 17387 | D:8      | Killed a death yak
 17397 | D:8      | Killed a death yak
 17777 | Lair:1   | Killed a death yak
 18151 | Lair:1   | Noticed Amaemon
 18165 | Lair:1   | Killed Amaemon
 18181 | Lair:1   | Reached XP level 12. HP: 87/87 MP: 12/12
 18185 | Lair:1   | Reached skill level 10 in Fighting
 18191 | Lair:1   | Reached skill level 10 in Dodging
 18647 | Lair:1   | Noticed Urug
 18654 | Lair:1   | Killed Urug
 19276 | Lair:2   | Reached *** piety under Hepliaklqana
 19626 | Lair:2   | Found a sparkling altar of Nemelex Xobeh.
 19747 | Lair:2   | Reached skill level 15 in Ranged Weapons
 19805 | Lair:2   | Reached skill level 11 in Fighting
 20286 | Lair:2   | Noticed a five-headed hydra
 20295 | Lair:2   | Killed a five-headed hydra
 20393 | Lair:3   | Reached **** piety under Hepliaklqana
 20460 | Lair:3   | Noticed a death yak
 20460 | Lair:3   | Noticed a death yak
 20460 | Lair:3   | Noticed a death yak
 21585 | Lair:3   | Noticed a death yak
 22242 | Lair:2   | Killed a death yak
 22392 | Lair:2   | Killed a death yak
 22393 | Lair:2   | Gained mutation: You can hop long distances. [Barachi
                  | growth]
 22393 | Lair:2   | Reached XP level 13. HP: 89/96 MP: 13/13
 22924 | Lair:3   | Reached skill level 12 in Fighting
 23239 | Lair:3   | Found a staircase to the Shoals.
 23461 | Lair:3   | Found a staircase to the Snake Pit.
 23783 | Lair:3   | Upgraded the game from 0.31.0-11-ge490571c62 to
                  | 0.31.0-12-g77e489cdc1
 24740 | Lair:4   | Reached skill level 13 in Fighting
 25509 | Lair:5   | Entered Level 5 of the Lair of Beasts
 25561 | Lair:5   | Reached skill level 1 in Invocations
 25765 | Lair:5   | Identified the +5 spear of Floods {venom, rN+ Int+4 Dex-5}
 25957 | Lair:5   | Reached skill level 5 in Invocations
 25970 | Lair:5   | Reached XP level 14. HP: 89/106 MP: 16/18
 26241 | Lair:5   | Identified the +4 trident of the Kissing Gods {freeze,
                  | *Slow rN+ Str+3}
 26246 | Lair:5   | Identified the +1 dire flail of Zataing {protect, rC- rCorr
                  | Str+6 SInv}
 26306 | Lair:5   | Found a viscous altar of Jiyva.
 26308 | Lair:5   | Found a staircase to the Slime Pits.
 26775 | Lair:5   | Reached skill level 14 in Fighting
 27607 | Orc:1    | Entered Level 1 of the Orcish Mines
 27658 | Orc:2    | Entered Level 2 of the Orcish Mines
 29056 | Orc:1    | Noticed an orc warlord
 29458 | Orc:2    | Killed an orc warlord
 30547 | Orc:2    | Found a staircase to the Elven Halls.
 30553 | Orc:2    | Paralysed by an orc sorcerer for 4 turns
 30566 | Orc:2    | Reached skill level 15 in Dodging
 32014 | Orc:2    | Paralysed by an orc sorcerer for 2 turns
 32144 | Orc:2    | Found Acanwy's Antique Armour Boutique.
 32144 | Orc:2    | Found Qeqem's Weapon Boutique.
 32147 | Orc:2    | Found Wiytuida's General Store.
 32147 | Orc:2    | Found Lugh's Armour Shoppe.
 32174 | Orc:2    | Bought a +2 cloak for 231 gold pieces
 32187 | Orc:2    | Bought a phantom mirror for 560 gold pieces
 32503 | D:12     | Reached XP level 15. HP: 113/113 MP: 20/20
 32670 | D:12     | Reached skill level 1 in Armour
 32682 | D:12     | Reached ***** piety under Hepliaklqana
 32686 | D:12     | Noticed Psyche
 32691 | D:12     | Killed Psyche
 33168 | D:12     | Found a portal to a secret trove of treasure.
 33183 | Trove    | Entered a treasure trove
 33213 | Trove    | Found the +3 crown of Dyrovepreva {rElec Int+2 SInv}
 33213 | Trove    | Found the +7 Kryia's mail coat {PotionHeal*2 rC+}
 33234 | Trove    | Identified the +0 pair of boots of Pacal {rC++ Str-3 Dex+3}
 33235 | Trove    | Identified the +2 hat of Zacoqul {rF++}
 33237 | Trove    | Identified the +4 hat of the Constellations {*Corrode Fly
                  | rC+++ Will+}
 33241 | Trove    | Identified the +5 swamp dragon scales "Heuschest" {Rampage
                  | rPois Str-3 Int+9 Stlth+}
 33246 | Trove    | Identified the +2 pair of boots of Ewun {Str+2}
 33262 | Trove    | Identified the +3 robe "Feosoeh" {Int+2}
 33263 | Trove    | Identified the +1 helmet "Verchit" {Int+3}
 33378 | D:13     | Reached skill level 5 in Armour
 34540 | D:13     | Noticed Snorg
 34578 | D:13     | Noticed Sonja
 34928 | D:13     | Killed Sonja
 36042 | D:13     | Killed Snorg
 36066 | D:13     | Found a gate to the Vaults.
 36574 | D:14     | Found a gate leading to a gauntlet.
 36583 | Gauntlet | Entered a Gauntlet
 36583 | Gauntlet | Found a transporter.
 36583 | Gauntlet | Found a transporter.
 36583 | Gauntlet | Found a runed translucent door.
 36583 | Gauntlet | Found a runed translucent door.
 36843 | Gauntlet | Found a transporter.
 36844 | Gauntlet | Found a transporter.
 36847 | Gauntlet | Found a transporter.
 36847 | Gauntlet | Found a transporter.
 36879 | Gauntlet | Found a transporter.
 36883 | Gauntlet | Found a transporter.
 36890 | Gauntlet | Noticed a cacodemon
 36891 | Gauntlet | Found a transporter.
 36908 | Gauntlet | Found a transporter.
 36923 | Gauntlet | Found a transporter.
 36927 | Gauntlet | Found a transporter.
 37038 | Gauntlet | Acquired the +9 staff of Olgreb {rPois∞}
 37038 | Gauntlet | Found the +9 staff of Olgreb {rPois∞}
 37206 | Gauntlet | Identified the ring "Gawenuxede" {Fly rCorr Dex+4 SInv}
 37510 | Gauntlet | Identified the ring of Peul Nud {rElec Dex+6}
 38205 | D:14     | Reached skill level 15 in Fighting
 38328 | D:14     | Reached XP level 16. HP: 122/122 MP: 21/21
 38622 | D:14     | Identified the +9 war axe "Kexam" {venom, Int+7}
 38899 | D:14     | Learned a level 5 spell: Freezing Cloud
 38946 | D:15     | Entered Level 15 of the Dungeon
 39436 | D:15     | Reached skill level 1 in Conjurations
 39436 | D:15     | Reached skill level 1 in Ice Magic
 39436 | D:15     | Reached skill level 1 in Air Magic
 39558 | D:15     | Reached skill level 1 in Spellcasting
 39659 | D:15     | Found Fontim's Distillery.
 39862 | Elf:1    | Entered Level 1 of the Elven Halls
 40494 | Elf:1    | Paralysed by an air elemental for 1 turns
 40858 | Elf:1    | Found Ufafro's Armour Boutique.
 40866 | Elf:1    | Bought a +2 pair of gloves of dexterity for 279 gold pieces
 41799 | Snake:1  | Entered Level 1 of the Snake Pit
 45065 | Snake:1  | Reached XP level 17. HP: 114/127 MP: 12/22
 45631 | Snake:2  | Identified the +1 robe of a bailey {Str+2}
 45902 | Snake:2  | Found Putam's Armour Emporium.
 45926 | Snake:2  | Found Talaadul's Antique Weapon Emporium.
 45935 | Snake:2  | Bought a runed longbow for 370 gold pieces
 46052 | Snake:2  | Found Ocymasur's Armour Emporium.
 48014 | Snake:3  | Reached skill level 10 in Armour
 48692 | Snake:4  | Entered Level 4 of the Snake Pit
 49015 | Snake:4  | Identified the ring "Wyath" {Fly Will+ Str-5 Int+3}
 49742 | Snake:4  | Found Werughin's Jewellery Shoppe.
 49744 | Snake:4  | Found Dogop's Book Shop.
 49745 | Snake:4  | Found Xaquqe's Jewellery Shoppe.
 49755 | Snake:4  | Bought the amulet "Boehimiz" {Acrobat rN+ Regen+} for 576
                  | gold pieces
 50179 | Snake:4  | Reached XP level 18. HP: 59/135 MP: 20/23
 50371 | Snake:4  | Reached skill level 16 in Fighting
 53059 | Snake:4  | Got a serpentine rune of Zot
 53352 | Shoals:1 | Entered Level 1 of the Shoals
 53819 | Shoals:1 | Reached skill level 17 in Fighting
 55717 | Shoals:2 | Reached skill level 1 in Stealth
 55790 | Shoals:2 | Noticed Polyphemus
 55797 | Shoals:2 | Killed Polyphemus
 55828 | Shoals:2 | Reached skill level 18 in Fighting
 55841 | Abyss:4  | Cast into level 4 of the Abyss (a deep elf sorcerer)
 56104 | Abyss:4  | Noticed a profane servitor
 56120 | Abyss:4  | Killed a profane servitor
 56389 | Abyss:4  | Reached XP level 19. HP: 146/146 MP: 24/24
 56438 | Abyss:4  | Noticed a profane servitor
 56453 | Abyss:4  | Noticed a dread lich
 56455 | Abyss:4  | Killed a profane servitor
 56456 | Abyss:4  | Reached skill level 5 in Ice Magic
 56540 | Abyss:5  | Reached skill level 5 in Conjurations
 56540 | Abyss:5  | Reached skill level 5 in Air Magic
 56547 | Abyss:5  | Noticed a bone dragon
 56555 | Shoals:2 | Escaped the Abyss
 56575 | Shoals:2 | Reached skill level 5 in Spellcasting
 56927 | Shoals:2 | Killed a bone dragon
 57287 | Shoals:2 | Got the Anthology of Geology and Open Graves
 57608 | Shoals:2 | Found a runed translucent gate.
 57609 | Shoals:2 | Found a runed translucent gate.
 57610 | Shoals:2 | Found a runed translucent gate.
 57611 | Shoals:2 | Noticed Derpydoo's ghost (journeyman MiFi)
 57876 | Shoals:3 | Identified the serpent talisman "Ysostraegh" {+Blink rC+
                  | Int+3}
 57876 | Shoals:3 | Noticed Aizul
 57898 | Shoals:2 | Killed Aizul
 58626 | Shoals:3 | Noticed Ilsuiw
 58648 | Shoals:3 | Killed Ilsuiw
 59233 | Shoals:4 | Entered Level 4 of the Shoals
 59906 | Shoals:4 | Identified the +10 long sword "Spider's Death Toll"
                  | {freeze, rElec Str-4 Int+2}
 60243 | Shoals:4 | Got a barnacled rune of Zot
 60827 | Shoals:4 | Paralysed by an air elemental for 1 turns
 61219 | Shoals:4 | Reached XP level 20. HP: 153/153 MP: 29/29
 61828 | Orc:2    | Bought a potion of heal wounds for 70 gold pieces
 61828 | Orc:2    | Bought 2 potions of curing for 84 gold pieces
 61828 | Orc:2    | Bought a potion of curing for 42 gold pieces
 61828 | Orc:2    | Bought a scroll of teleportation for 42 gold pieces
 62036 | D:15     | Reached skill level 10 in Ice Magic
 62126 | D:15     | Bought a potion of heal wounds for 65 gold pieces
 62319 | D:15     | Reached skill level 10 in Conjurations
 62366 | D:15     | Found Hivvirel's General Store.
 62376 | D:15     | Bought a condenser vane for 600 gold pieces
 62496 | D:15     | Found Kevvoxt's Antique Armour Boutique.
 62504 | D:15     | Found a basalt altar of Yredelemnul.
 62682 | D:15     | Found a staircase to the Depths.
 63169 | Vaults:1 | Entered Level 1 of the Vaults
 63169 | Vaults:1 | Noticed Norris
 63179 | Vaults:1 | Killed Norris
 63278 | Vaults:1 | Reached ****** piety under Hepliaklqana
 63285 | Vaults:1 | Found Netsyez's Armour Emporium.
 63359 | Vaults:1 | Found Yhinean's Distillery.
 63369 | Vaults:1 | Bought a potion of heal wounds for 75 gold pieces
 63429 | Vaults:1 | Found a magical portal.
 63439 | WizLab   | Entered Cigotuvi's Fleshworks
 64543 | WizLab   | Found the +4 Cigotuvi's embrace {Corpsefed rMiasma ^Drain
                  | rN+}
 64866 | WizLab   | Reached skill level 19 in Fighting
 64894 | WizLab   | Got Cigotuvi's Atlas of Sepulchral Virulence
 64896 | WizLab   | Identified the serpent talisman of Valiance {MP-9 SInv
                  | Stlth+}
 65842 | Vaults:1 | Noticed Zenata
 65852 | Vaults:1 | Killed Zenata
 66416 | Vaults:1 | Reached XP level 21. HP: 163/163 MP: 30/30
 66417 | Vaults:1 | Reached skill level 20 in Fighting
 67713 | Vaults:2 | Found Caeceof's Armour Emporium.
 70120 | Vaults:3 | Reached skill level 15 in Armour
 70816 | Vaults:3 | Found a staircase to the Crypt.
 71032 | Vaults:4 | Reached skill level 21 in Fighting
 72091 | Vaults:4 | Reached XP level 22. HP: 174/174 MP: 31/31
 72287 | Vaults:4 | Identified the +4 ring mail of Courage {rPois Will- rCorr
                  | MP+9}
 72702 | Vaults:4 | Found Juni's Assorted Antiques.
 72769 | Vaults:4 | Bought a scroll of enchant weapon for 277 gold pieces
 74531 | Elf:2    | Paralysed by an air elemental for 1 turns
 74575 | Elf:2    | Found a shimmering blue altar of Sif Muna.
 74634 | Elf:2    | Reached skill level 22 in Fighting
 75030 | Elf:2    | Found a runed translucent gate.
 75030 | Elf:2    | Found a runed translucent gate.
 75030 | Elf:2    | Found a runed translucent gate.
 76166 | Depths:1 | Entered Level 1 of the Depths
 77505 | Depths:1 | Found Xohytt's Assorted Antiques.
 77514 | Depths:1 | Bought a scroll of teleportation for 87 gold pieces
 77518 | Depths:1 | Found a sacrificial altar of Ru.
 77524 | Depths:1 | Found a shimmering altar of Xom.
 78254 | Depths:1 | Found Woiteete's Weapon Shoppe.
 78262 | Depths:1 | Found Buklergh's Assorted Antiques.
 78407 | Depths:1 | Reached skill level 23 in Fighting
 79092 | Depths:1 | Found a gateway to Hell.
 79204 | Depths:1 | Reached XP level 23. HP: 107/185 MP: 27/32
 79925 | Depths:2 | Reached skill level 10 in Evocations
 80456 | Depths:2 | Learned a level 3 spell: Swiftness
 80459 | Depths:2 | Learned a level 2 spell: Blink
 80868 | Depths:2 | Reached skill level 1 in Translocations
 81160 | Depths:2 | Found a one-way gate leading to the halls of Pandemonium.
 81954 | Depths:3 | Reached skill level 5 in Translocations
 82105 | Depths:3 | Noticed Mennas
 82626 | Depths:3 | Killed Mennas
 83220 | Depths:3 | Learned a level 4 spell: Passage of Golubria
 83227 | Depths:3 | Learned a level 6 spell: Dispersal
 83245 | Depths:3 | Noticed the Enchantress
 83259 | Depths:3 | Killed the Enchantress
 83311 | Depths:3 | Found a one-way gate to the infinite horrors of the Abyss.
 83765 | Depths:3 | Reached skill level 10 in Translocations
 84138 | Depths:3 | Reached XP level 24. HP: 192/192 MP: 32/32
 84823 | Depths:3 | Found a burning altar of Makhleb.
 84834 | Depths:3 | Identified the ring of the Pharaoh's Fist {rC- rN+ Str+4
                  | SInv}
 84836 | Depths:3 | Identified the orb of Mulenwergh {mayhem, rF+ Str+3 Slay-4}
 84837 | Depths:3 | Identified the +0 cloak of Too Many Cooks {rC+ rN+}
 85501 | Depths:4 | Entered Level 4 of the Depths
 85501 | Depths:4 | Found a one-way gateway to a ziggurat.
 86990 | Depths:4 | Found a gate to the Realm of Zot.
 87725 | Slime:1  | Entered Level 1 of the Pits of Slime
 88573 | Slime:1  | You are sucked into a shaft and drop 1 floor!
 88730 | Slime:1  | Gained mutation: You occasionally lose the ability to drink
                  | potions when taking damage. [a shining eye]
 88841 | Slime:1  | Gained mutation: Your magical capacity is low. (-10% MP) [a
                  | shining eye]
 89366 | Slime:2  | Reached skill level 15 in Translocations
 90170 | Slime:3  | Noticed Dissolution
 90179 | Slime:3  | Killed Dissolution
 91509 | Slime:4  | Gained mutation: You are agile. (Dex +4, Str/Int -1) [a
                  | shining eye]
 92519 | Slime:5  | Entered Level 5 of the Pits of Slime
 92700 | Slime:5  | Reached XP level 25. HP: 198/198 MP: 28/28
 95425 | Slime:5  | Noticed the Royal Jelly
 95433 | Slime:5  | Killed the Royal Jelly
 95716 | Slime:5  | Got a slimy rune of Zot
 95748 | Slime:5  | Identified the +1 cloak of Wotzeusm {Harm rElec rF+}
 95795 | Slime:5  | Identified the +8 halberd "Juyceps" {speed, rF+ SInv}
 95796 | Slime:5  | Identified the ring of Muadum {Ice ^Drain rN+ rCorr Dex+3
                  | Stlth+}
 96419 | Elf:3    | Entered Level 3 of the Elven Halls
 96419 | Elf:3    | Found Liafoss's Antique Armour Shop.
 96899 | Elf:3    | Identified the granite talisman "Fosukhu" {Dex+2}
 96899 | Elf:3    | Noticed Roxanne
 96908 | Elf:3    | Killed Roxanne
 97608 | Elf:3    | Identified the ring "Tyvio" {rF+ MP+9}
 97636 | Elf:3    | Identified the +2 leather armour "Jaaqupu" {Will+ Str+2
                  | Int+2 Slay+2}
 97636 | Elf:3    | Identified the ring "Turphemeo" {rF+ Will+ MP+9 Int+4}
 97811 | Elf:3    | Identified the amulet "Puffontoi" {Spirit rC+}
 97872 | Elf:3    | Identified the amulet "Yptorin" {RegenMP Rampage rC+}
 97941 | Elf:3    | Identified the amulet "Kewnytil" {Acrobat rCorr Str+4}
 97989 | Elf:3    | Identified the +2 robe of Defence {Dex+3 Archmagi}
 97993 | Elf:3    | Got the Commentary on the Storm and Frostbite
 97995 | Elf:3    | Identified the +0 ring mail of the Beginning {*Slow rC+++
                  | MP-9 SInv}
 98006 | Elf:3    | Identified the death talisman of Yredelemnul {rElec Int+5
                  | Stlth-}
 98219 | Elf:3    | Learned a level 1 spell: Apportation
 98490 | Zot:1    | Entered Level 1 of the Realm of Zot
 98557 | Zot:1    | Identified the +0 robe of Music {Int-3 Dex+4 Stlth+}
 98890 | Zot:1    | Identified the ring "Ange" {Ice rPois Int+3 Slay+2}
 98890 | Zot:1    | Noticed Josephina
 98899 | Zot:1    | Killed Josephina
 99250 | Zot:1    | Found the +3 Elemental Staff {ele, rElec rF+ rC+ AC+3}
 99764 | Zot:2    | Reached XP level 26. HP: 205/205 MP: 28/28
100255 | Zot:2    | Noticed an orb of fire
100259 | Zot:2    | Gained mutation: You have a pair of small horns on your
                  | head. [an orb of fire]
100266 | Zot:2    | Killed an orb of fire
100404 | Zot:2    | Lost mutation: You are agile. (Dex +4, Str/Int -1) [potion
                  | of mutation]
100404 | Zot:2    | Lost mutation: You occasionally lose the ability to drink
                  | potions when taking damage. [potion of mutation]
100404 | Zot:2    | Lost mutation: You have a pair of small horns on your head.
                  | [potion of mutation]
100404 | Zot:2    | Gained mutation: Your movements are slightly less
                  | encumbered by armour. (ER -2) [potion of mutation]
100404 | Zot:2    | Gained mutation: You expend magic power (3 MP) to
                  | strengthen your wands. [potion of mutation]
100666 | Zot:3    | Found Biat's CLEARANCE SALE!.
100959 | Zot:3    | Noticed a Killer Klown
100964 | Zot:3    | Killed a Killer Klown
101089 | Zot:3    | Found a shimmering altar of Xom.
101089 | Zot:3    | Found a shimmering altar of Xom.
101089 | Zot:3    | Noticed a Killer Klown
101093 | Zot:3    | Noticed a Killer Klown
101106 | Zot:3    | Found a shimmering altar of Xom.
101106 | Zot:3    | Killed a Killer Klown
101112 | Zot:3    | Killed a Killer Klown
101425 | Zot:3    | Found a shimmering altar of Xom.
101425 | Zot:3    | Found a glowing silver altar of Zin.
101430 | Zot:3    | Found a shimmering altar of Xom.
101431 | Zot:3    | Found a shimmering altar of Xom.
102414 | Zot:4    | Reached skill level 15 in Evocations
103221 | Zot:5    | Entered Level 5 of the Realm of Zot
103222 | Zot:5    | Noticed a dread lich
103356 | Zot:5    | Noticed an orb of fire
103375 | Zot:5    | Killed an orb of fire
103725 | Zot:5    | Noticed a Killer Klown
103734 | Zot:5    | Killed a Killer Klown
103747 | Zot:5    | Reached skill level 24 in Fighting
104428 | Zot:5    | Reached XP level 27. HP: 214/214 MP: 28/28
104444 | Zot:5    | Noticed an ancient lich
104448 | Zot:5    | Noticed a dread lich
104452 | Zot:5    | Killed an ancient lich
104460 | Zot:5    | Killed a dread lich
104811 | Zot:5    | Noticed an orb of fire
104817 | Zot:5    | Killed an orb of fire
104817 | Zot:5    | Noticed an orb of fire
104829 | Zot:5    | Noticed an ancient lich
104836 | Zot:5    | Gained mutation: You are frail. (-10% HP) [an orb of fire]
104845 | Zot:4    | Killed an orb of fire
104846 | Zot:4    | Reached skill level 25 in Fighting
105122 | Zot:5    | Noticed a dread lich
105122 | Zot:5    | Paralysed by a dread lich for 3 turns
105536 | Zot:4    | Killed a dread lich
105567 | Zot:4    | Killed a dread lich
105698 | Zot:4    | Killed an ancient lich
105864 | Zot:5    | Noticed an ancient lich
105872 | Zot:5    | Killed an ancient lich
105878 | Zot:5    | Noticed an ancient lich
105887 | Zot:5    | Killed an ancient lich
106363 | Zot:5    | Reached skill level 26 in Fighting
106497 | Zot:5    | Noticed Onnayw the pandemonium lord
106497 | Zot:5    | Noticed an ancient lich
106506 | Zot:5    | Slain by Onnayw the pandemonium lord

Illustrated notes

Levels and vault maps discovered:
D:1:      kennysheep_arrival_forest, layout_basic,
          hellmonk_ecumenical_altar_pennies_from_heaven
D:2:      layout_loops_cross, chequers_serial_rivers_large_b,
          minmay_misc_feat_diagonals, uniq_natasha
D:3:      layout_basic
D:4:      layout_loops_ring, kennysheep_vampire_church, temple_pool_b,
          chequers_serial_rivers_small_a, uniq_pargi
D:5:      layout_cave_pools, ebering_ghost_gozag, serial_shops, shop,
          minmay_misc_feat_pillars
D:6:      layout_rooms, mainiacjoe_overflow_concentric_impassable
D:7:      layout_cave_pools, uniq_prince_ribbit1
D:8:      layout_layer_cave, nicolae_gozag_seed_capital, general_overflow_altar,
          hellmonk_lair_entry_icy, uniq_gastronok, uniq_erica
D:9:      minmay_polygon_palace, layout_loops_cross, serial_shops, shop,
          nicolae_stop_n_shop_1, shop, nicolae_shop_competitors_out_of_business,
          nicolae_shop_crystal
D:10:     layout_basic, mainiacjoe_overflow_alcove_2, chei_slow_surprise,
          uniq_joseph
D:11:     layout_irregular_city, orc_0_dummy, elyvilon_altar_5
D:12:     layout_stronghold, enter_trove_1, minmay_misc_feat_cross, uniq_psyche
D:13:     layout_loops_corners, david_vaults_1, serial_demonic,
          serial_demonic_e, serial_demonic_e, serial_demonic_g,
          serial_demonic_b, serial_demonic_a, serial_demonic_b,
          serial_demonic_g, serial_demonic_g, uniq_snorg, uniq_sonja
D:14:     hangedman_surveillance_ring, layout_stronghold,
          nicolae_figureground_pulse, gauntlet_entry_generic
D:15:     grunt_enter_depths_magical_seal, layout_loops_ring,
          yredelemnul_altar_generic, serial_shops, nicolae_shop_stone, shop,
          shop, onia_ninara_cookie
Temple:   minmay_temple_bridge_d
Lair:1:   layout_misc_corridors, grunt_megastairs_1, uniq_amaemon, uniq_urug
Lair:2:   layout_layer_cave, basic_altar
Lair:3:   layout_loops_ring, minmay_shoals_entry_beasts,
          nicolae_snake_entry_warm_welcome, st_stairs_8,
          chequers_serial_rivers_micro_b, grunt_megastairs_5,
          infiniplex_staircase_pool_2
Lair:4:   layout_gridlike
Lair:5:   gammafunk_lair_ancient_temple, layout_loops_ring,
          dpeg_slime_entry_corner
Shoals:1: layout_shoals
Shoals:2: nicolae_shoals_deep_elves_summer_vacation, layout_shoals,
          gammafunk_ghost_tricky_traps, hangedman_shoal_volcano, uniq_polyphemus
Shoals:3: layout_shoals, overgrown_statue, uniq_aizul, uniq_ilsuiw
Shoals:4: shoals_end_hellmonk_storm_palace [storm_palace_center_circular,
          storm_palace_corner_grid, storm_palace_corner_grid,
          storm_palace_corner_blocked, storm_palace_corner_pillars]
Snake:1:  layout_layer_cave, grunt_ministairs_9,
          nicolae_snake_serpentine_hallways, minmay_snake_pond
Snake:2:  layout_chambers, serial_shops, shop, minmay_shop_star
Snake:3:  nrook_guardian_serpent_snake_passage, layout_grid_shapes,
          grunt_megastairs_4
Snake:4:  grunt_snake_rune_serpentine_throne, layout_cave_town,
          minmay_shop_grove
Slime:1:  layout_caves, cheibrodos_slime_lost_civilization_6
Slime:2:  layout_caves
Slime:3:  layout_caves, uniq_dissolution
Slime:4:  layout_caves
Slime:5:  slime_pit_nicolae_royal_road_to_ruin
Orc:1:    layout_diamond_mine, nicolae_orc_lost_temple
Orc:2:    st_orc_elflike, layout_caves, david_defended_altar_orc
Elf:1:    eino_elf_arrival_customs, layout_geoelf_diagonals, serial_shops,
          nicolae_diamond_shop, nicolae_elf_crossing_hall, grunt_megastairs_3
Elf:2:    nicolae_elf_blades_splatter_lattice
          [nicolae_blade_entry_floor_patterns], layout_geoelf_grid, basic_altar,
          grunt_megastairs_2
Elf:3:    elf_hall, layout_geoelf_octagon, serial_shops, nicolae_diamond_shop,
          dreamdust_princess_bridge, corexii_leaking_fountain, uniq_roxanne
Vaults:1: mu_enter_wizlab_4, nicolae_vaults_storage_closets_1,
          hangedman_vaults_trim, v_misc_16, nicolae_vaults_shock_wave,
          nicolae_vaults_doubleplus_tesselated, nicolae_vaults_stepped_doors,
          nicolae_vaults_taking_the_gang_shopping,
          ontoclasm_vaults_decontamination, hangedman_vaults_impose,
          hangedman_vaults_pinch, hangedman_vaults_impose,
          nicolae_vaults_rhombus_6, layout_vaults_ring, serial_shops,
          nicolae_shop_gibbet_a_chance, uniq_norris, uniq_zenata
Vaults:2: nicolae_vaults_apartment_1, vaults_room_fancy_cross,
          nicolae_vaults_more_shelving_1, nicolae_vaults_double_plus_3,
          nicolae_vaults_house_2, hangedman_vaults_corner_blocks,
          nicolae_vaults_house_2, ontoclasm_vaults_shuriken,
          nicolae_vaults_wine_cellar, nicolae_vaults_storage_closets_2,
          layout_vaults_maze_snakey, serial_shops, shop
Vaults:3: vaults_room_semicircle, nicolae_vaults_diamond_2,
          nicolae_vaults_little_ls, minmay_crypt_entry_skeletal_spiral,
          nicolae_vaults_yaktaur_gun_rack, nicolae_vaults_sightless_eye,
          nicolae_vaults_twisting_passages, vaults_mumra_minichess,
          vaults_dpeg_emergency_exit, ontoclasm_vaults_pinch,
          layout_vaults_omnigrid, serial_shops
Vaults:4: grunt_vaults_diagonal, vaults_dpeg_cross,
          serial_library_hellmonk_open_cross, vaults_mumra_hex, v_misc_3,
          nicolae_vaults_turnstiles, nicolae_vaults_network_periphery,
          hangedman_vaults_nails, v_rooms_5, nicolae_vaults_tangram_1,
          serial_ice_b, v_misc_17, layout_vaults_omnicross, serial_shops,
          nicolae_shop_hallway_plus
Depths:1: layout_cave_shapes, serial_shops, shop, pf_hell_entry_great_geh,
          nicolae_ru_awakened_eye, grunt_ministairs_9, led_xom_imps,
          minmay_shoptagon, firewood_loft
Depths:2: minmay_the_grid_triangle_9x9_rhombus_full
          [minmay_the_grid_triangle_9x9_minimal,
          minmay_the_grid_triangle_9x9_odd_lines,
          minmay_the_grid_triangle_9x9_longest,
          minmay_the_grid_triangle_9x9_steps,
          minmay_the_grid_triangle_9x9_alien,
          minmay_the_grid_triangle_9x9_flanged_cone,
          minmay_the_grid_triangle_9x9_sparse_checkered,
          minmay_the_grid_triangle_9x9_prize_top_heavy], layout_gridlike,
          hell_entry, rand_demon_pan_entry_7, kennysheep_nub,
          kennysheep_generic_room_2
Depths:3: evilmike_makhleb_hellhole, layout_long_grid, abyss_entry, hell_entry,
          nicolae_triple_integral, uniq_mennas, uniq_enchantress
Depths:4: grunt_zot_entry_bicorn, layout_basic, enter_ziggurat_c, hell_entry,
          chequers_serial_rivers_room_b, nicolae_concentric_dashed_squares_mild
Zot:1:    layout_gridlike, uniq_josephina
Zot:2:    layout_concentric_octagons
Zot:3:    dreamdust_zin_vs_xom, layout_gridlike, nicolae_shop_clearance,
          uniq_parghit
Zot:4:    layout_gridlike
Zot:5:    layout_gridville, drop_trap

Skill      XL: |  1  2  3  4  5  6  7  8  9 10 11 12 13 14 15 16 17 18 19 20 21 22 23 24 25 26 27 |
---------------+----------------------------------------------------------------------------------+-----
Fighting       | 3 4 5 8 9 11 13 14 15 18 19 21 23 24 26 | 26.0
Ranged Weapons | 5 6 7 8 9 11 12 14 15 16 18 20 22 23 | 23.5
Dodging        | 6 8 9 11 13 16 17 19 20 22 24 | 24.9
Evocations     | 5 6 12 16 | 16.0
Invocations    | 5 7 |  7.0
Armour         | 9 11 15 | 15.8
Conjurations   | 3 4 9 10 | 10.0
Ice Magic      | 4 9 10 | 10.0
Air Magic      | 3 4 7 9 |  9.2
Spellcasting   | 3 6 |  6.0
Stealth        | 4 |  4.0
Translocations | 10 16 | 16.0
Alchemy        | |  0.9

Action                     |  1- 3 |  4- 6 |  7- 9 | 10-12 | 13-15 | 16-18 | 19-21 | 22-24 | 25-27 || total
---------------------------+-------+-------+-------+-------+-------+-------+-------+-------+-------++-------
  Melee: Whip              |       |    24 |       |       |       |       |       |       |       ||    24
         Orcbow            |       |       |       |       |     1 |       |       |       |       ||     1
   Fire: Shortbow          |   116 |   228 |   148 |       |       |       |       |       |       ||   492
         Orcbow            |       |       |   436 |   650 |  1743 |   203 |       |       |       ||  3032
         Longbow           |       |       |       |       |       |  1224 |  1576 |  1519 |  1117 ||  5436
   Cast: Freezing Cloud    |       |       |       |       |       |       |    10 |    20 |     2 ||    32
         Swiftness         |       |       |       |       |       |       |       |     1 |       ||     1
         Passage of Golubr |       |       |       |       |       |       |       |     4 |       ||     4
         Apportation       |       |       |       |       |       |       |       |       |     1 ||     1
 Invoke: Ancestor Life: Kn |       |       |       |     1 |       |       |       |       |       ||     1
         Recall Ancestor   |       |       |       |     3 |     4 |     3 |     6 |     7 |       ||    23
         Ancestor Identity |       |       |       |     1 |       |       |       |       |       ||     1
         Idealise          |       |       |       |     1 |     1 |     3 |     1 |     1 |       ||     7
         Transference      |       |       |       |       |     3 |       |       |     2 |       ||     5
Ability: Hop               |       |     5 |    11 |     4 |     8 |     3 |       |     6 |     2 ||    39
         Evoke the Staff o |       |       |       |       |       |       |     5 |       |       ||     5
  Evoke: Wand              |       |       |    12 |       |     7 |     1 |     1 |     1 |     1 ||    23
         Phantom mirror    |       |       |       |       |     1 |       |     1 |       |       ||     2
         Lightning rod     |       |       |       |       |       |     3 |     4 |       |     3 ||    10
    Use: Scroll            |       |     3 |     7 |    14 |    10 |    11 |     4 |     8 |    12 ||    69
         Potion            |       |       |     3 |       |     4 |     3 |     1 |     2 |     8 ||    21
 Armour: Leather armour    |    32 |   161 |   198 |       |       |       |       |       |       ||   391
         Steam dragon scal |       |       |    71 |    74 |   149 |       |       |       |       ||   294
         Swamp dragon scal |       |       |       |       |    88 |   153 |   135 |   138 |   107 ||   621
         Acid dragon scale |       |       |       |       |     3 |       |       |    22 |    44 ||    69
  Dodge: Dodged            |    34 |   109 |   302 |   266 |   970 |   552 |   463 |   484 |   335 ||  3515
